[Event "Grandiscacchi GM Festival 2022"]
[Site "Montebelluna"]
[Date "2022.05.19"]
[Round "8.3"]
[White "Rozen, Eytan"]
[Black "Martinovici, Ilia"]
[Result "1/2-1/2"]
[ECO "E16"]
[WhiteElo "2425"]
[BlackElo "2408"]
[Annotator "TA"]
[PlyCount "26"]
[EventDate "2022.05.17"]
[EventType "swiss"]
[EventCountry "ITA"]
[SourceTitle "playchess.com"]
[Source "ChessBase"]
[SourceQuality "1"]
[TimeControl "40/3600+30:1800+30"]

1. d4 d5 2. c4 e6 3. g3 Nf6 4. Bg2 Bb4+ 5. Nd2 O-O 6. Ngf3 b6 7. cxd5 exd5 8. O-O Bb7 9. Ne5 Re8 $1 {[%emt 0:01:39] The position is equal. The main line 9...Re8 scores better than 9...Nbd7.} 10. a3 {[%emt 0:01:41] E16: Queen's Indian: 4 g3 Bb7 5 Bg2 Bb4+.} Bf8 11. b4 Nbd7 12. Ndf3 Ne4 {[%emt 0:01:16] [#]} 13. Bb2 $146 ({Predecessor:} 13. Qb3 c6 14. Nxd7 Qxd7 15. Ne5 Qe6 16. a4 f6 17. Nd3 Kh8 18. Nf4 Qd7 19. Rb1 {½-½ (67) Kapnisis,S (2449)-Maiorov,N (2538) Rethymno 2013}) 13... f6 {[%emt 0:00:57] An uneventful encounter.  Weighted Error Value: White=0.10 (very precise) /Black=0.04 (flawless)} 1/2-1/2

[Event "Grandiscacchi GM Festival 2022"]
[Site "Montebelluna"]
[Date "2022.05.19"]
[Round "8.4"]
[White "Loiseau, Quentin"]
[Black "Ojas Kulkarni"]
[Result "0-1"]
[ECO "E60"]
[WhiteElo "2445"]
[BlackElo "2235"]
[Annotator "TA"]
[PlyCount "56"]
[EventDate "2022.05.17"]
[EventType "swiss"]
[EventCountry "ITA"]
[SourceTitle "playchess.com"]
[Source "ChessBase"]
[SourceQuality "1"]
[TimeControl "40/3600+30:1800+30"]

1. d4 Nf6 2. c4 g6 3. f3 c5 4. d5 e6 5. e4 d6 (5... Nxe4 $2 6. fxe4 Qh4+ 7. Ke2 $18) 6. Ne2 {[%emt 0:00:08] E60: King's Indian: Unusual lines and Fianchetto Variation without Nc3.} Bg7 7. Nec3 {[%emt 0:02:03] 7.Nbc3 is the modern continuation.} (7. Bg5 {is more complex.} O-O 8. Nec3 a6 9. Qc1) 7... O-O 8. Be3 {[%emt 0:00:11] White is slightly better.} e5 (8... a6 $11) 9. g4 $16 {[%emt 0:01:09] [#]} Ne8 $146 ({Predecessor:} 9... h5 10. h3 Nbd7 11. Bd3 a6 12. a4 Nh7 13. Qd2 h4 14. Rg1 Bf6 15. g5 Bg7 {0-1 (51) Suvorov,L (2276)-Van Wely,L (2604) Maastricht 2019}) 10. h4 f5 11. gxf5 gxf5 12. exf5 Bxf5 13. Nd2 e4 (13... Bf6 $16 {is a better defense.}) 14. fxe4 $18 ({Much less strong is} 14. Ncxe4 Nd7 $16) 14... Bc8 15. Bg5 Qc7 (15... Qb6 $16 16. Qb3 Qxb3 17. axb3 h6) 16. Qc2 (16. Be2 $18) 16... Nd7 (16... h6 $16) 17. Bh3 ({White should play} 17. Rg1 $18) 17... Ne5 $16 18. Be6+ Kh8 (18... Bxe6 $16 19. dxe6 Qc8) 19. O-O-O $1 $18 a6 (19... h6 $142 20. Kb1 a6) 20. Rdf1 $1 Rxf1+ 21. Rxf1 ({Less strong is} 21. Nxf1 b5 $16) 21... b5 {[%emt 0:00:02] [#]} 22. cxb5 (22. Nf3 $1 $18) 22... axb5 $16 {[%emt 0:00:17] White must now prevent ...b4.} 23. Nxb5 (23. Nf3 $16) 23... Qa5 {[%emt 0:01:03] [#]} (23... Qb8 $1 $11 {and Black has nothing to worry.} 24. Nc3 Ba6) 24. a4 $1 $18 {[%emt 0:02:26] Strongly threatening Bxc8.} Ba6 (24... Bxe6 $142 25. dxe6 Qxa4 26. Qxa4 Rxa4) 25. Qc3 $4 (25. Nc4 $18 Nxc4 26. Qf2 (26. Qxc4 $2 Nc7 $19)) 25... Qxa4 $19 {[%emt 0:01:17] Black is clearly winning.} 26. Rf8+ Bxf8 27. Nxd6 Bxd6 28. Nf3 Qc4 {[%emt 0:00:33] Weighted Error Value: White=0.92/Black=0.64} 0-1

[Event "Grandiscacchi GM Festival 2022"]
[Site "Montebelluna"]
[Date "2022.05.19"]
[Round "8.5"]
[White "Kalogridis, Antonios"]
[Black "Shahil Dey"]
[Result "0-1"]
[ECO "D66"]
[WhiteElo "2306"]
[BlackElo "2369"]
[Annotator "TA"]
[PlyCount "60"]
[EventDate "2022.05.17"]
[EventType "swiss"]
[EventCountry "ITA"]
[SourceTitle "playchess.com"]
[Source "ChessBase"]
[SourceQuality "1"]
[TimeControl "40/3600+30:1800+30"]

1. d4 {[%emt 0:00:02] Tsesarsky,I} d5 2. c4 c6 3. Nf3 Nf6 4. Nc3 e6 5. Bg5 h6 6. Bh4 Be7 7. e3 O-O 8. Rc1 Nbd7 9. Bd3 dxc4 10. Bxc4 a6 11. a3 {[%emt 0:03:57] D66: Queen's Gambit Declined: Classical: Main Line (7 Rc1 c6 8 Bd3).} b5 12. Ba2 Bb7 {[%emt 0:02:24] [#]} 13. b4 $146 {[%emt 0:04:51] The position is equal.} ({Predecessor:} 13. O-O c5 14. Qe2 Ne4 15. Nxe4 Bxe4 16. Bg3 c4 17. Rfd1 Rc8 18. Ne1 Nb6 19. f3 Bb7 20. Bb1 Na4 21. Qc2 f5 22. Ba2 {½-½ (78) Malakhatko,V (2564)-Bischoff,K (2556) Istanbul 2000 EXT 2001 [Tsesarsky,I]}) 13... a5 14. Qb3 Nd5 15. Bxe7 Qxe7 16. Nxd5 exd5 17. Rb1 (17. Bb1 $15) 17... axb4 $17 18. axb4 Ra4 {[%emt 0:01:36] Black is more active.} 19. Rb2 {[%emt 0:00:31] [#]} ({Better is} 19. Qc2) 19... Nb6 $1 20. Ne5 (20. Bb1 $17) 20... Nc4 $19 21. Nxc4 dxc4 22. Qc3 (22. Qc2 $142) 22... Qg5 {[%emt 0:01:17] Black is clearly winning.} ({Wrong is} 22... c5 $2 23. bxc5 Qg5 24. f4 Qh4+ 25. g3 $19) 23. f4 Qh4+ 24. Ke2 (24. Rf2 $142 c5 25. O-O cxb4 26. Qc2) 24... Qg4+ 25. Kf1 c5 26. bxc5 b4 27. Qc1 c3 28. Rf2 {[%emt 0:00:12] [#]} Rxa2 $1 29. Rxa2 b3 30. Rf2 b2 {[%emt 0:00:00] White did not feel at home in the position after the opening.  Weighted Error Value: White=0.98/Black=0.04 (flawless)} 0-1

[Event "Grandiscacchi GM Festival 2022"]
[Site "Montebelluna"]
[Date "2022.05.20"]
[Round "9.1"]
[White "Martinovici, Ilia"]
[Black "Pantsulaia, Levan"]
[Result "0-1"]
[ECO "E80"]
[WhiteElo "2408"]
[BlackElo "2587"]
[Annotator "TA"]
[PlyCount "94"]
[EventDate "2022.05.17"]
[EventType "swiss"]
[EventCountry "ITA"]
[SourceTitle "playchess.com"]
[Source "ChessBase"]
[SourceQuality "1"]
[TimeControl "40/3600+30:1800+30"]

1. d4 g6 2. c4 Bg7 3. e4 c5 4. d5 d6 5. Nc3 Nf6 6. f3 e6 {[%emt 0:00:32] E80: King's Indian: Sämisch: Lines without early ...0-0.} 7. Nge2 exd5 8. cxd5 ({Don't play} 8. Nxd5 Nxd5 9. cxd5 (9. exd5 Qh4+ 10. g3 Qxc4 $17) (9. Qxd5 Nc6 $15) 9... O-O $15) 8... h5 $5 {[%emt 0:01:10][%mdl 4] The position is equal. An interesting side line.} 9. Bg5 O-O 10. Qd2 Qe8 11. Nc1 Nh7 {[%emt 0:02:21] [#]} 12. Bf4 $146 ({Predecessor:} 12. Be3 Bd7 13. Be2 b5 14. a4 b4 15. Nb5 Bxb5 16. Bxb5 Nd7 17. O-O a6 18. Bc6 {0-1 (55) Nakamura,H (2779)-Pantsulaia,L (2607) Doha 2016}) 12... Qe7 13. Bh6 f5 14. Bxg7 Kxg7 15. Nd3 (15. N1e2 $14) 15... fxe4 $11 16. Nxe4 Bf5 17. O-O-O (17. Nf4 $1 $14) 17... Bxe4 18. Re1 {[%emt 0:01:39][%cal Bd1e1,Be1e4,Be4a4][%mdl 96] [#] Pin} Qg5 $1 19. Rxe4 {[%emt 0:00:10] aiming for Nf4.} Qxd2+ 20. Kxd2 Nd7 21. Nf4 Kh6 22. h4 {[%emt 0:05:12] Prevents Ng5.} (22. Bd3 $5 ) 22... Ne5 $1 {[%emt 0:01:46] Inhibits g4.} 23. Ne6 Rf5 24. Ra4 a6 25. Be2 {[%emt 0:01:07] [#] Black must now prevent g4.} Nf8 26. Nf4 Nfd7 27. g4 Rf7 28. Re4 {[%emt 0:02:39] Against c4} Re8 {[%emt 0:00:00][%cal Oe5f3] Hoping for ...Nxf3+!} 29. Rf1 hxg4 30. fxg4 Ref8 31. g5+ Kh7 32. Ke3 Kg8 33. h5 ({White should play} 33. Rd1 $11) 33... gxh5 $15 34. Rg1 {[%emt 0:00:00] Against Ng4+} Nb6 {[%emt 0:00:00][%cal Of7f4] Threatens to win with ...Rxf4!} 35. Nxh5 Nxd5+ {[%emt 0:00:00] Pair of Knights!} 36. Kd2 Rf2 {[%emt 0:00:00] ...Nf3+ is the strong threat.} 37. Ke1 (37. Kc1 $1 $11) 37... Rh2 $36 {[%emt 0:00:00][%mdl 2048] Keeping White busy. Black is much more active.} 38. Nf6+ Nxf6 39. gxf6+ Kf7 {[%emt 0:00:00] And now ...Re8 would win.} 40. Rg7+ $2 {[%emt 0:00:10][%mdl 8192] White does not recover from this.} (40. Rf4 $17) 40... Kxf6 $19 41. Rxb7 (41. Rg3 $142 Ke6 42. Bg4+ Kd5 43. Re2) 41... Kf5 42. Re3 Rg8 43. Kf1 {[%emt 0:06:52] Prevents Rg1+.} Kf4 44. Ra3 Rgg2 45. Ra4+ c4 46. Rxc4+ Nxc4 47. Bxc4 Rxb2 {[%emt 0:12:50] Weighted Error Value: White=0.61/Black=0.05 (flawless)} 0-1

[Event "Grandiscacchi GM Festival 2022"]
[Site "Montebelluna"]
[Date "2022.05.20"]
[Round "9.3"]
[White "Jobava, Baadur"]
[Black "Fishchuk, Vladyslav"]
[Result "1-0"]
[ECO "B22"]
[WhiteElo "2600"]
[BlackElo "2102"]
[Annotator "TA"]
[PlyCount "53"]
[EventDate "2022.05.17"]
[EventType "swiss"]
[EventCountry "ITA"]
[SourceTitle "playchess.com"]
[Source "ChessBase"]
[SourceQuality "1"]
[TimeControl "40/3600+30:1800+30"]

1. e4 c5 2. c3 Nf6 3. e5 Nd5 4. Nf3 Nc6 5. g3 d6 6. exd6 {[%emt 0:00:07] B22: Sicilian: 2 c3.} Qxd6 7. Bg2 e6 (7... Bf5 $142 8. Qe2 g6) 8. O-O $11 {[%emt 0:01:24] The position is equal.} Be7 9. Na3 O-O 10. d4 cxd4 11. Nb5 Qd8 12. Nbxd4 Nxd4 13. Qxd4 Qc7 {[%emt 0:02:07] [#]} 14. Rd1 $146 ({Predecessor:} 14. Qe5 Bd6 15. Qh5 Bd7 16. Ng5 Nf6 17. Qe2 h6 18. Ne4 Nxe4 19. Qxe4 Bc6 20. Qc4 {½-½ (63) Acs,G (2175)-Deak,S (2318) Hungary 2014}) 14... Rd8 {[%emt 0:05:41][%cal Od5c3] Hoping for ...Nxc3!} 15. Qe5 {[%emt 0:00:00][%cal Od1d5] And now Rxd5! would win.} Bd6 16. Qe2 Bd7 17. Bg5 Nf6 18. Nd4 a6 (18... Be7 $14) 19. Qf3 {[%emt 0:00:00] White is more active.} e5 {[%emt 0:03:03] A mistake that costs the game.} (19... Be7 $16) 20. Bxf6 $18 ({Worse is} 20. Qxb7 exd4 21. Qxc7 Bxc7 $11) 20... gxf6 {[%emt 0:00:07] [#]} 21. Nf5 {[%emt 0:00:00] Strongly threatening Qg4+.} ({Inferior is} 21. Qxb7 exd4 22. Qxc7 Bxc7 $11) 21... Bf8 22. Qg4+ Kh8 23. Qh4 Qb6 {[%emt 0:01:06] [#]} (23... Bg7) 24. Rd6 $3 {[%emt 0:00:00][%mdl 512] White is clearly winning.} Qxb2 (24... Qxd6 25. Nxd6) 25. Qxf6+ Kg8 26. Qg5+ Kh8 27. Rad1 {[%emt 0:00:00] Weighted Error Value: White=0.03 (flawless) /Black=0.28 (precise)} 1-0

[Event "Grandiscacchi GM Festival 2022"]
[Site "Montebelluna"]
[Date "2022.05.20"]
[Round "9.4"]
[White "Kalogridis, Antonios"]
[Black "Rozen, Eytan"]
[Result "0-1"]
[ECO "C01"]
[WhiteElo "2306"]
[BlackElo "2425"]
[Annotator "TA"]
[PlyCount "33"]
[EventDate "2022.05.17"]
[EventType "swiss"]
[EventCountry "ITA"]
[SourceTitle "playchess.com"]
[Source "ChessBase"]
[SourceQuality "1"]
[TimeControl "40/3600+30:1800+30"]

1. d4 e6 2. c4 b6 3. e4 Bb4+ 4. Nd2 Bb7 5. Bd3 f5 $1 6. Qh5+ {[%emt 0:18:07] C01: French: Exchange Variation.} ({White should play} 6. f3 $11) 6... g6 $15 7. Qe2 Nf6 {[%emt 0:00:53][%cal Bg8f6,Bf6g4,Bg4f2][%mdl 32] [#] Threatens to win with ...fxe4.} 8. f3 {[%emt 0:00:11] Black is better.} Nc6 9. Qe3 fxe4 {[%emt 0:02:52] Black is more active.} 10. fxe4 {[%emt 0:00:46] [#]} O-O $146 {[%emt 0:04:26] White must now prevent ...Ng4.} ({Predecessor:} 10... e5 11. d5 Nd4 12. Ne2 O-O 13. Nxd4 exd4 14. Qe2 Nh5 15. g3 c6 16. Kd1 b5 17. dxc6 dxc6 18. cxb5 cxb5 19. Bxb5 {0-1 (34) Horvath,J (2134)-Szelenyi,N (2394) Hungary 2009}) 11. Ngf3 Ng4 12. Qe2 (12. Qg1 $17 {was forced.}) 12... Qf6 13. e5 $2 (13. a3 Nxd4 14. Nxd4 Bxd2+ 15. Kxd2 Qxd4 16. Qxg4) 13... Qf4 $19 {[%emt 0:00:50] Black is clearly winning.} 14. g3 (14. Be4 $142 Nxd4 15. Nxd4 Bxe4 16. Rf1 Qxe5 17. N4f3 Bxf3 18. Qxe5 Nxe5 19. gxf3) 14... Bxd2+ (14... Qxf3 $142 15. Rf1 Qxf1+ 16. Qxf1 Rxf1+ 17. Bxf1 Nxd4) 15. Nxd2 (15. Bxd2 $142 Qxf3 16. Qxf3 Rxf3 17. Be4) 15... Qf2+ 16. Qxf2 Nxf2 17. Be4 {[%emt 0:00:33] White did not feel at home in the position after the opening.  Weighted Error Value: White=1.28/Black=0.78} 0-1